 Dungeon Crawl Stone Soup version 0.23.2-40-g277498a001 (webtiles) character file.

Game seed: 18269033014024142875

33 FishyPogo the Sneak (level 3, 0/14 HPs)
             Began as a Felid Air Elementalist on Sept 13, 2019.
             Was an Initiate of Vehumet.
             Killed by nerve-wracking pain
             ... invoked by an orc priest
              (14 damage)
             ... on level 2 of the Dungeon.
             The game lasted 00:07:17 (1906 turns).

FishyPogo the Sneak (Felid Air Elementalist)        Turns: 1906, Time: 00:07:18

Health: 0/14       AC:  1    Str:  4    XL:     3   Next: 12%
Magic:  7/8        EV: 19    Int: 17    God:    Vehumet [......]
Gold:   130        SH:  0    Dex: 16    Spells: 4/7 levels left
                                        Lives:  0   Deaths: 1

rFire    . . .     SeeInvis +   (weapon unavailable)
rCold    . . .     Gourm    .   (shield unavailable)
rNeg     . . .     Faith    .   (armour unavailable)
rPois    .         Spirit   .   (helmet unavailable)
rElec    .         Reflect  .   (cloak unavailable)
rCorr    .         Harm     .   (gloves unavailable)
MR       .....                  (boots unavailable)
Stlth    +++.......             i - amulet of regeneration
HPRegen  0.44/turn              (no ring)
MPRegen  0.11/turn              (no ring)

@: quick
A: very small, no armour, no weapons or thrown items, stealth, claws 1, fangs 3,
see invisible, carnivore, speed 1, shaggy fur 1, slow metabolism 1, sharp paws
a: Renounce Religion


You were on level 2 of the Dungeon.
You worshipped Vehumet.
Vehumet was noncommittal.
You were completely stuffed.

You visited 1 branch of the dungeon, and saw 3 of its levels.

You collected 130 gold pieces.

Inventory:

Missiles
 f - 52 stones
Jewellery
 i - an amulet of regeneration (around neck)
Scrolls
 a - 3 scrolls of identify {unknown}
 c - 2 scrolls of fear {unknown}
 e - 2 scrolls of remove curse
Potions
 d - a potion of invisibility {unknown}
 h - a potion of degeneration {unknown}
Comestibles
 b - 3 rations


   Skills:
 + Level 3.5 Dodging
 + Level 3.5 Stealth
 * Level 2.8 Spellcasting
 + Level 1.6 Conjurations
 + Level 3.0 Air Magic


You had 4 spell levels left.
You knew the following spells:

 Your Spells              Type           Power        Failure   Level  Hunger
a - Shock                 Conj/Air       ##..         7%          1    #......
d - Swiftness             Chrm/Air       #.......     14%         2    ##.....

Your spell library contained the following spells:

 Spells                   Type           Power        Failure   Level  Hunger
 Static Discharge         Conj/Air       ##......     21%         3    ###....
 Airstrike                Air            ##........   45%         4    #####..
 Lightning Bolt           Conj/Air       ##........   88%         5    ######.


Dungeon Overview and Level Annotations

Branches:
Dungeon (3/15)

Altars:
Vehumet


Innate Abilities, Weirdness & Mutations

You cannot wear armour.
You are incapable of wielding weapons or throwing items.
Your paws allow you to move quietly. (Stealth)
You have sharp claws.
You have razor-sharp teeth.
You have supernaturally acute eyesight. (SInv)
You are carnivorous and can eat meat at any time.
You cover ground quickly.
You are covered in fur. (AC +1)
You have a slow metabolism.
Your sharp claws are effective at attacking unaware monsters.


Message History

Eating one of 4 chunks of flesh.
You eat one of the 4 chunks of flesh.
This raw flesh tastes great.
Eating one of 3 chunks of flesh.
You eat one of the 3 chunks of flesh.
This raw flesh tastes great.
Eating one of 2 chunks of flesh.
You eat one of the 2 chunks of flesh.
This raw flesh tastes great.
Eating a chunk of flesh.
You eat the chunk of flesh.
This raw flesh tastes great.
The orc priest is too close now for your liking.
Casting: Shock (safe; 7% risk of failure)
Confirm with . or Enter, or press ? or * to list all spells.
Aiming: Shock (safe; 7% risk of failure)
Press: ? - help, Shift-Dir - straight line, f - orc priest
Aim: an orc priest, wearing a +0 chain mail (severely wounded)
The zap hits the orc priest but does no damage.
The orc priest is severely wounded.
The orc priest invokes the aid of Beogh against you.
Pain shoots through your body!
Ouch! That really hurt!
You die...

#.###.####.<.# #.#
...##.#####.## #..
.........#..######## ###
...##..............#######
#.######.>.o######.......#
#.## ##.......# #.#####.#
#..# #....)...###.## #.#
...####..###.>....#.# #.#
##......## ##..#@#.## #.#
##.....# #......#####.#
#.....## ##..#.#.......#
#####
##.####.###.###.####.##.#
#.... ##..# ##....# #.#
#.##.# #.### ....#
#.##.###.# #.##.# #.###
.#..# ##.#...##.# #.##.#
#.##. .#..####.........#
#.##.# #.##.
.#......(.#...#### #....#
##.##.


You could see an orc priest.

Vanquished Creatures
  5 adders (D:2)
  2 worms (D:2)
  2 orcs (D:3)
  5 goblins (D:2)
  2 hobgoblins
  4 kobolds
  4 bats
  2 frilled lizards (D:2)
  2 rats (D:2)
28 creatures vanquished.

Notes
Turn   | Place    | Note
-------+----------+-------------------------------------------
     0 | D:1      | FishyPogo the Felid Air Elementalist began the quest for
                  | the Orb.
     0 | D:1      | Reached XP level 1. HP: 7/7 MP: 4/4
   144 | D:1      | Reached skill level 1 in Conjurations
   877 | D:2      | Reached XP level 2. HP: 8/11 MP: 4/6
  1061 | D:2      | Found a radiant altar of Vehumet.
  1069 | D:2      | Became a worshipper of Vehumet
  1073 | D:2      | Learned a level 2 spell: Swiftness
  1175 | D:2      | Reached XP level 3. HP: 1/14 MP: 0/7
  1718 | D:2      | Reached XP level 4. HP: 18/18 MP: 4/9
  1876 | D:2      | Killed from afar by an orc priest
  1877 | D:2      | Reached XP level 3. HP: -3/14 MP: 0/8
  1906 | D:2      | Killed from afar by an orc priest

Skill      XL: |  1  2  3 |
---------------+----------+-----
Conjurations   | 1 |  1.6
Stealth        | 3 |  3.5
Dodging        | 3 |  3.5
Air Magic      | 3 |  3.0
Spellcasting   | |  2.8

Action                   |  1- 3 |  4- 6 || total
-------------------------+-------+-------++-------
Melee: Unarmed           |    37 |     5 ||    42
       Bite              |     3 |       ||     3
 Cast: Shock             |    57 |    13 ||    70
  Use: Scroll            |     1 |       ||     1
 Stab: Sleeping          |     3 |       ||     3
  Eat: Chunk             |    15 |     1 ||    16
Armor: Skin              |     2 |       ||     2
Dodge: Dodged            |    58 |     8 ||    66
